 Dungeon Crawl Stone Soup version 0.30.1-9-gdf580d7c3d (webtiles) character file.

Game seed: 17175053746880923051

578 lonewolfV2 the Shield-Bearer (level 7, -3/55 HPs)
             Began as a Formicid Fighter on Sept 28, 2023.
             Slain by an ogre
             ... wielding a +0 giant club
              (13 damage)
             ... on level 5 of the Dungeon.
             The game lasted 00:05:29 (4520 turns).

lonewolfV2 the Shield-Bearer (Formicid Fighter)     Turns: 4520, Time: 00:05:31

Health: -3/55      AC:  7    Str: 21    XL:     7   Next: 62%
Magic:  7/7        EV: 10    Int:  7    God:
Gold:   251        SH:  0    Dex: 18    Spells: 6/6 levels left

rFire   . . .        j - +3 falchion of Precise Incision {speed, *Slow rElec Dex+3}
rCold   . . .        c - +0 buckler
rNeg    . . .        b - +0 scale mail
rPois   .            (helmet unavailable)
rElec   +            (no cloak)
rCorr   .            (no gloves)
SInv    +            (no boots)
Will    .....        (no amulet) Stlth
                     e - ring of flight
HPRegen 0.29/turn    (no ring)
MPRegen 0.10/turn

%: slow self (1%)
@: confused, mighty, ambrosia-drunk, flying
A: permanent stasis, dig shafts and tunnels, antennae 3, four strong arms
a: Dig, Shaft Self


You were on level 5 of the Dungeon.
You visited 1 branch of the dungeon, and saw 5 of its levels.

You collected 251 gold pieces.

Inventory:

Hand Weapons
 a - a +0 war axe
 j - the +3 falchion of Precise Incision (weapon) {speed, *Slow rElec Dex+3}
   (You found it on level 3 of the Dungeon)

   Dex:       It affects your dexterity (+3).
   rElec:     It insulates you from electricity.
   *Slow:     It may slow you when you take damage.
Armour
 b - a +0 scale mail (worn)
 c - a +0 buckler (worn)
Jewellery
 e - a ring of flight (left hand)
Potions
 f - 2 potions of haste
 g - 2 potions of curing


   Skills:
 + Level 4.6 Fighting
 + Level 3.0 Long Blades
 + Level 4.5 Axes
 + Level 4.9 Armour
 + Level 1.0 Dodging
 + Level 0.3 Stealth
 + Level 5.4 Shields


You had 6 spell levels left.
You didn't know any spells.
Your spell library contained the following spells:

 Spells                   Type           Power      Damage    Failure   Level
 Magic Dart               Conj           0%         1d3       82%         1
 Call Imp                 Summ           0%         N/A       91%         2
 Lesser Beckoning         Tloc           0%         N/A       91%         2
 Momentum Strike          Conj/Tloc      0%         3d8       91%         2
 Sublimation of Blood     Necr           0%         N/A       91%         2
 Wereblood                Tmut           0%         N/A       91%         2
 Mephitic Cloud           Conj/Pois/Air  0%         N/A       99%         3
 Summon Hydra             Summ           0%         N/A       100%        7
 Blink                    Tloc           Unusable   N/A       N/A         2

Dungeon Overview and Level Annotations

Branches:
Dungeon (5/15)
 Temple: D:4-7

Altars:
Nemelex Xobeh

Shops:
D:4 (


Innate Abilities, Weirdness & Mutations

You cannot be hasted, slowed, berserked, paralysed or teleported.
You can dig through walls and to a lower floor.
You have a pair of large antennae on your head. (SInv)
Your four strong arms can wield two-handed weapons with a shield.


Message History

Found a robe.
You now have 251 gold pieces (gained 14).
You sense a monster nearby.
An ogre comes into view. It is wielding a +0 giant club.
The ogre shouts!
An ogre is nearby!
A phantom comes into view.
You hit the phantom but do no damage. You closely miss the phantom.
The phantom hits you but does no damage.
You barely miss the phantom.
The phantom hits you but does no damage.
You hit the phantom.
The phantom is lightly damaged.
The ogre hits you with a +0 giant club! You block the phantom's attack.
You slash the ogre!
The ogre is moderately wounded.
The phantom misses you.
You hit the ogre but do no damage.
The ogre is moderately wounded.
The ogre hits you with a +0 giant club! The phantom barely misses you.
You closely miss the ogre.
The ogre is moderately wounded.
You hit the ogre.
The ogre is heavily wounded.
The ogre hits you with a +0 giant club!!
Ouch! That really hurt!
* * * LOW HITPOINT WARNING * * *
The phantom hits you but does no damage.
Unknown command.
You feel better. You block the phantom's attack. You block the ogre's attack.
Unknown command.
You are confused.
You feel invigorated. The phantom hits you.
* * * LOW HITPOINT WARNING * * *
You feel very mighty all of a sudden. The phantom hits you.
* * * LOW HITPOINT WARNING * * *
The ogre hits you with a +0 giant club!
You die...

.... .. .
....##.#.
.........
........#
.........
..^.....#
......OW########
.......@.......#
...........##.##
...........##.###
#.######...#....#
# #...#....#.#
##..#....#.#
##....[.#.#
###....#.#
#....#.#


You could see an ogre and a phantom.

Vanquished Creatures
  A centaur (D:4)
  A scorpion (D:4)
  A hound (D:4)
  2 orc priests (D:4)
  Jessica (D:2)
  3 iguanas (D:5)
  2 orc wizards (D:4)
  Natasha (twice) (D:2)
  Robin (D:2)
  4 adders
  A white imp (D:5)
  2 worms
  2 dart slugs
  6 orcs
  6 ball pythons
  4 bats
  9 endoplasms
  2 giant cockroaches
  8 hobgoblins
  8 jackals (D:1)
  5 kobolds
  4 quokkas
  3 frilled lizards
  11 goblins
  4 rats
93 creatures vanquished.

Notes
Turn   | Place    | Note
-------+----------+-------------------------------------------
     0 | D:1      | lonewolfV2 the Formicid Fighter began the quest for the
                  | Orb.
     0 | D:1      | Reached XP level 1. HP: 18/18 MP: 1/1
    90 | D:1      | Reached XP level 2. HP: 24/24 MP: 2/2
   571 | D:1      | Reached XP level 3. HP: 25/29 MP: 3/3
  1069 | D:2      | Noticed Robin
  1080 | D:2      | Reached XP level 4. HP: 26/35 MP: 4/4
  1081 | D:2      | Killed Robin
  1225 | D:2      | Found a faded altar of an unknown god.
  1246 | D:2      | Noticed Natasha
  1259 | D:2      | Killed Natasha
  1260 | D:2      | Reached XP level 5. HP: 27/42 MP: 5/5
  1477 | D:2      | Noticed Natasha
  1488 | D:2      | Killed Natasha
  1551 | D:2      | Noticed Jessica
  1558 | D:2      | Killed Jessica
  1580 | D:2      | Found a sparkling altar of Nemelex Xobeh.
  2011 | D:3      | Identified the +5 ring mail "Zigenk" {Dex+2}
  2340 | D:3      | Identified the +3 falchion of Precise Incision {speed,
                  | *Slow rElec Dex+3}
  2910 | D:4      | Reached XP level 6. HP: 29/48 MP: 6/6
  3136 | D:4      | Reached skill level 5 in Shields
  3144 | D:4      | Reached skill level 1 in Long Blades
  3395 | D:4      | Reached skill level 1 in Dodging
  3488 | D:4      | Found Iteynu's Weapon Emporium.
  3495 | D:4      | Reached XP level 7. HP: 54/54 MP: 7/7
  4196 | D:5      | Entered Level 5 of the Dungeon
  4520 | D:5      | Slain by an ogre

Illustrated notes

Levels and vault maps discovered:
D:1:      psy_arrival_radial02, layout_loops_ring
D:2:      layout_basic, basic_altar, basic_ecumenical_altar, patterned_corridor,
          uniq_natasha, uniq_robin, uniq_jessica
D:3:      layout_loops_corners
D:4:      layout_layer_cave, serial_shops, shop
D:5:      layout_basic, mainiacjoe_overflow_catwalk_spiral,
          gammafunk_ghost_split, chequers_serial_rivers_room_b

Skill      XL: |  1  2  3  4  5  6  7 |
---------------+----------------------+-----
Axes           | 3 4 |  4.5
Armour         | 4 |  4.9
Fighting       | 4 |  4.6
Shields        | 5 |  5.4
Long Blades    | 1 3 |  3.0
Dodging        | 1 |  1.0
Stealth        | |  0.3

Action                     |  1- 3 |  4- 6 |  7- 9 || total
---------------------------+-------+-------+-------++-------
  Melee: War axe           |    98 |    90 |       ||   188
         Falchion          |       |    75 |    46 ||   121
    Use: Scroll            |       |     8 |       ||     8
         Potion            |       |       |     3 ||     3
 Armour: Scale mail        |    49 |    54 |     8 ||   111
  Dodge: Dodged            |    46 |    65 |    18 ||   129
  Block: Buckler           |    29 |    42 |     8 ||    79
